 Dungeon Crawl Stone Soup version 0.30-b1-2-g02819fbbbe (webtiles) character file.

Game seed: 8967914087759360436

150 protoss039 the Digger (level 5, -3/35 HPs)
             Began as a Demonspawn Earth Elementalist on July 4, 2023.
             Slain by an orc
             ... wielding a +1 mace of holy wrath
              (7 damage)
             ... on level 3 of the Dungeon.
             The game lasted 00:03:32 (2593 turns).

protoss039 the Digger (DsEE)                        Turns: 2593, Time: 00:03:33

Health: -3/35      AC:  8    Str:  8    XL:     5   Next: 10%
Magic:  1/9        EV: 12    Int: 18    God:
Gold:   121        SH:  0    Dex: 14    Spells: 6/9 levels left

rFire   . . .        g - +0 dagger
rCold   + . .        (no shield)
rNeg    . . .        a - +0 robe
rPois   .            (no helmet)
rElec   .            (no cloak)
rCorr   .            (no gloves)
SInv    .            (no boots)
Will    .....        (no amulet)
Stlth   ++           r - ring of protection from cold
HPRegen 0.25/turn    (no ring)
MPRegen 0.11/turn

%: no passive effects
@: sanguine armoured
A: sanguine armour 1, demonic touch 1
a: no special abilities


You were on level 3 of the Dungeon.
You visited 1 branch of the dungeon, and saw 3 of its levels.

You collected 121 gold pieces.

Inventory:

Hand Weapons
 g - a +0 dagger (weapon)
Armour
 a - a +0 robe (worn)
Jewellery
 r - a ring of protection from cold (left hand)
Scrolls
 f - 3 scrolls of teleportation
 h - a scroll of fear {unknown}
 i - 2 scrolls of identify
 j - a scroll of silence {unknown}
 k - 2 scrolls of vulnerability {unknown}
 l - a scroll of noise {unknown}
 n - 3 scrolls of immolation
 p - a scroll of fog {unknown}
Potions
 b - a potion of magic
 c - 3 potions of resistance
 d - a potion of mutation {unknown}
 e - 2 potions of brilliance {unknown}
 m - 2 potions of experience {unknown}
 o - a potion of cancellation {unknown}
 q - a potion of curing {unknown}


   Skills:
 + Level 2.6 Dodging
 + Level 2.7 Stealth
 + Level 2.8 Spellcasting
 + Level 2.0 Transmutations
 + Level 3.3 Earth Magic


You had 6 spell levels left.
You knew the following spells:

 Your Spells              Type           Power      Damage    Failure   Level
a - Sandblast             Erth           28%        2d8       4%          1
b - Passwall              Tmut/Erth      10%        N/A       9%          2

Your spell library contained the following spells:

 Spells                   Type           Power      Damage    Failure   Level
 Stone Arrow              Conj/Erth      16%        3d8       26%         3
 Petrify                  Tmut/Erth      12%        N/A       50%         4


Dungeon Overview and Level Annotations

Branches:
Dungeon (3/15) Zot: 15362

Altars:

Shops:
D:1 *   D:2 =

Annotations:
D:2 1 runed translucent door, Crazy Yiuf


Innate Abilities, Weirdness & Mutations

When seriously injured, your blood forms armour. (AC +6)
Your touch may inflict minor irresistible damage on your foes.


Message History

Aim: an orc, wielding a +3 dagger and wearing a +0 chain mail (severely wounded, 87% to hit)
The blast of sand hits the orc but does no damage.
The orc is severely wounded.
The orc barely misses you. The orc completely misses you.
The orc hits you with a +3 dagger. The orc barely misses you.
The orc drinks a potion.
The orc is healed!
The orc closely misses you.
Casting: Sandblast (safe; 4% risk of failure)
Confirm with . or Enter, or press ? or * to list all spells.
Aiming: Sandblast (safe; 4% risk of failure)
Press: ? - help, Shift-Dir - straight line, f/p - orc
Aim: an orc, wielding a +3 dagger and wearing a +0 chain mail (87% to hit)
The blast of sand hits the orc but does no damage.
The orc hits you with a +3 dagger.
Your blood congeals into armour.
The orc hits you with a +0 dagger.
The orc hits you with a +1 mace of holy wrath.
You convulse.
* * * LOW HITPOINT WARNING * * *
The rat misses you.
Casting: Sandblast (safe; 4% risk of failure)
Confirm with . or Enter, or press ? or * to list all spells.
Aiming: Sandblast (safe; 4% risk of failure)
Press: ? - help, Shift-Dir - straight line, f/p - orc
Aim: an orc, wielding a +3 dagger and wearing a +0 chain mail (87% to hit)
The blast of sand hits the orc but does no damage.
The orc completely misses you. The rat misses you.
The orc hits you but does no damage. x2; The orc barely misses you.
The orc hits you but does no damage. The rat bites you.
* * * LOW HITPOINT WARNING * * *
The orc barely misses you.
Casting: Sandblast (safe; 4% risk of failure)
Confirm with . or Enter, or press ? or * to list all spells.
Aiming: Sandblast (safe; 4% risk of failure)
Press: ? - help, Shift-Dir - straight line, f/p - orc
Aim: an orc, wielding a +3 dagger and wearing a +0 chain mail (87% to hit)
The blast of sand misses the orc.
The orc completely misses you. The orc misses you.
The orc hits you with a +1 mace of holy wrath.
* * * LOW HITPOINT WARNING * * *
You convulse!
You die...

# #. .# ###### #.#.#
#..... #.#.# #..... #.#.#
#..... # #.#.# #.....
#.#.#.# # #.....
#####.#.o.#.# #.....
.......o@.#.# #.....
...#..ro...# #.....
.......#..### #.....
..).##.#.################
... #.#.................
.. #.############†.....
#. #.##### ## #.# #.#


You could see 3 orcs and a rat.

Vanquished Creatures
  2 orc wizards (D:3)
  4 adders
  A worm (D:2)
  A dart slug (D:1)
  2 orcs (D:3)
  3 ball pythons (D:1)
  5 bats
  8 endoplasms
  2 giant cockroaches (D:1)
  4 hobgoblins
  9 jackals (D:2)
  5 kobolds
  4 quokkas
  A frilled lizard (D:2)
  A goblin (D:1)
  5 rats
57 creatures vanquished.

Notes
Turn   | Place    | Note
-------+----------+-------------------------------------------
     0 | D:1      | protoss039 the Demonspawn Earth Elementalist began the
                  | quest for the Orb.
     0 | D:1      | Reached XP level 1. HP: 13/13 MP: 3/3
    20 | D:1      | Found a faded altar of an unknown god.
   133 | D:1      | Reached skill level 1 in Transmutations
   252 | D:1      | Found Nuhuer's General Store.
   275 | D:1      | Gained mutation: Your touch may inflict minor irresistible
                  | damage on your foes. [demonic ancestry]
   275 | D:1      | Reached XP level 2. HP: 13/19 MP: 1/5
  1212 | D:1      | Learned a level 2 spell: Passwall
  1222 | D:2      | Reached XP level 3. HP: 24/24 MP: 2/6
  1270 | D:2      | Reached skill level 3 in Earth Magic
  1555 | D:2      | Reached XP level 4. HP: 11/30 MP: 1/7
  1797 | D:2      | Found Elonomao's Jewellery Shop.
  2019 | D:2      | Found a runed translucent door.
  2020 | D:2      | Noticed Crazy Yiuf
  2465 | D:3      | Gained mutation: When seriously injured, your blood forms
                  | armour. (AC +6) [demonic ancestry]
  2465 | D:3      | Reached XP level 5. HP: 29/35 MP: 1/9
  2593 | D:3      | Slain by an orc

Illustrated notes

Levels and vault maps discovered:
D:1:      psy_arrival_fountain, layout_loops_ring,
          ebering_ecumenical_altar_mist, serial_shops, shop, dk_noncrumbling_2
D:2:      layout_loops_ring, serial_shops, shop, minmay_three_crescents,
          uniq_crazy_yiuf_cottage
D:3:      layout_basic, grunt_decor_arrowhead

Skill      XL: |  1  2  3  4 |
---------------+-------------+-----
Transmutations | 1 2 |  2.0
Stealth        | 2 |  2.7
Dodging        | 2 |  2.6
Earth Magic    | 3 |  3.3
Spellcasting   | |  2.8

Action                     |  1- 3 |  4- 6 || total
---------------------------+-------+-------++-------
  Melee: Dagger            |    25 |     7 ||    32
         Touch             |     3 |     1 ||     4
   Cast: Sandblast         |    61 |    28 ||    89
    Use: Scroll            |       |     3 ||     3
   Stab: Sleeping          |     2 |     1 ||     3
 Armour: Robe              |    15 |     5 ||    20
  Dodge: Dodged            |    60 |    22 ||    82
